[Event "18èmeFestival International d’Echecsde Rochefort"]
[Site "Rochefort, France"]
[Date "2019.02.16"]
[Round "1.4"]
[White "POTTIER, Simeon"]
[Black "DEMUTH, Adrien"]
[Result "0-1"]
[TimeControl "1h30 min/40coups + 30 min +  30sec/coup"]
[BlackTitle "GM"]
[WhiteFideId "26069296"]
[BlackFideId "642274"]
[WhiteElo "2123"]
[BlackElo "2519"]

1. d4 f5 2. Nc3 Nf6 3. Bg5 d5 4. Bxf6 exf6 5. e3 Be6 6. Qf3 Nc6 7. Bb5 Qd7 8. Nge2 g5 9. h4 O-O-O 10. O-O-O Kb8 11. Kb1 a6 12. Bxc6 Qxc6 13. g4 Qd7 14. gxf5 Bxf5 15. Rdg1 Be7 16. Qg2 h6 17. hxg5 fxg5 18.
Ng3 Bg6 19. Nh5 Bb4 20. Nf6 Qf5 21. Nfxd5 Qxc2+ 22. Ka1 Ba5 23. Rc1 Qf5 24. Ne7 Qe6 25. Nxg6 Qxg6 26. Ne4 Bb6 27. Nc5 Bxc5 28.
Rxc5 Qf6 29. Qg3 Rd6 30. Rhc1 Rh7 31. d5 Re7 32. f4 gxf4 33. exf4 Qd4 34. Qa3 Re3 35. R5c3 Rxc3 36. Qxc3 Qxc3 37.
Rxc3 Rxd5 38. Kb1 Kc8 39. Kc2 Kd7 40. Rh3 h5 41. Rg3 Ke6 42. Rg7 Kf5 43. Rxc7 b6 44. Rf7+ Kg4 45. Rf6 h4 46.
Rxb6 h3 47. Rxa6 h2 48. Rg6+ Kh4 0-1

[Event "18èmeFestival International d’Echecsde Rochefort"]
[Site "Rochefort, France"]
[Date "2019.02.16"]
[Round "1.3"]
[White "ZENG, Chongsheng"]
[Black "MALEKI, Nicolas"]
[Result "1-0"]
[TimeControl "1h30 min/40coups + 30 min +  30sec/coup"]
[WhiteTitle "GM"]
[WhiteFideId "8603847"]
[BlackFideId "622133"]
[WhiteElo "2544"]
[BlackElo "2136"]

1. e4 c6 2. d4 d5 3. Nd2 dxe4 4. Nxe4 Bf5 5. Ng3 Bg6 6. h4 h6 7. Nf3 Nd7 8. h5 Bh7 9. Bd3 Bxd3 10.
Qxd3 e6 11. Bd2 Ngf6 12. O-O-O Be7 13. Kb1 O-O 14. Ne4 Nxe4 15. Qxe4 Nf6 16. Qe2 Qd5 17. Be3 Rfd8 18. Ne5 c5 19.
f3 cxd4 20. Bxd4 Qa5 21. Rhe1 Bb4 22. c3 Bd6 23. g4 Bxe5 24. Bxe5 Nd7 25. Bd6 Nb6 26. Bb4 Qg5 27. c4 Rxd1+ 28. Rxd1 Rd8 29. Rxd8+ Qxd8 30. b3 Qd4 31. Ba3 Nd7 32. Bb2 Qg1+ 33. Kc2 Qc5 34. Bc3 Nb8 35. b4 Qf8 36. Qe4 b6 37.
Qb7 a5 38. bxa5 bxa5 39. Be5 Qc5 40. Qxb8+ Kh7 41. Qb5 Qf2+ 42. Kb3 Qxf3+ 43. Bc3 Qd1+ 44. Ka3 Qxg4 45. c5 Qf3 46. Qc4 Qc6 47.
Bxa5 f5 48. Bc3 f4 49. Qd4 Qa6+ 50. Kb3 Qb7+ 51. Kc2 Qg2+ 52. Qd2 Qc6 53. Qxf4 Qxc5 54. Qf7 e5 55. Qg6+ Kh8 56. Qe8+ Kh7 57.
Qxe5 Qf2+ 58. Kb3 Qf7+ 59. Kb4 Qb7+ 60. Kc4 Qa6+ 61. Kb3 Qb7+ 62. Kc2 Qg2+ 63. Kd3 Qf3+ 64. Kd2 Qg2+ 65. Qe2 Qg5+ 66.
Kc2 g6 67. Qe4 1-0

[Event "18èmeFestival International d’Echecsde Rochefort"]
[Site "Rochefort, France"]
[Date "2019.02.16"]
[Round "1.1"]
[White "VAN DEN DOEL, Erik"]
[Black "SPIRIDONOV, Nikola"]
[Result "1-0"]
[TimeControl "1h30 min/40coups + 30 min +  30sec/coup"]
[WhiteTitle "GM"]
[BlackTitle "GM"]
[WhiteFideId "1003720"]
[BlackFideId "2900238"]
[WhiteElo "2611"]
[BlackElo "2139"]

1. d4 Nf6 2. Nf3 g6 3. Bg5 Ne4 4. Bh4 Bg7 5. e3 c5 6. c3 d5 7. Nbd2 Qb6 8. Nxe4 dxe4 9. Nd2 Qxb2 10. Nxe4 cxd4 11. cxd4 Qb4+ 12. Qd2 Nc6 13. Qxb4 Nxb4 14. Rb1 Bf5 15.
f3 Nd5 16. Kd2 O-O 17. g4 Bc8 18. Bc4 e6 19. Bxd5 exd5 20. Nd6 f6 21. Nxc8 Rfxc8 22. Rxb7 Rc4 23. Rc1 Ra4 24. Rc2 Re8 25.
Kd3 Bh6 26. e4 dxe4+ 27. fxe4 f5 28. gxf5 gxf5 29. e5 Ra3+ 30. Rb3 Ra6 31. Bf6 f4 32. d5 Kf7 33. Rc6 Rxc6 34. Rb7+ Kg6 35.
dxc6 Rc8 36. c7 Bg5 37. Bxg5 Kxg5 38. Ke4 a5 39. Kd5 f3 40. Kd6 1-0

[Event "18èmeFestival International d’Echecsde Rochefort"]
[Site "Rochefort, France"]
[Date "2019.02.16"]
[Round "1.2"]
[White "BAREYRE, Patrick"]
[Black "MARTINEZ DUANY, Lelys Stanley"]
[Result "1-0"]
[TimeControl "1h30 min/40coups + 30 min +  30sec/coup"]
[BlackTitle "GM"]
[WhiteFideId "619663"]
[BlackFideId "3504727"]
[WhiteElo "2136"]
[BlackElo "2547"]

1. d4 Nf6 2. Bf4 g6 3. Nd2 Bg7 4. e3 d6 5. h3 O-O 6. Ngf3 Nc6 7. Bc4 Qe8 8. O-O e5 9. dxe5 dxe5 10.
Bh2 e4 11. Nd4 Ne5 12. Be2 a6 13. b4 Nd5 14. Nxe4 Nxb4 15. c3 Nbc6 16. Qb3 b6 17. Rad1 Na5 18. Qb1 Bb7 19. Nd2 Rd8 20.
Rfe1 c5 21. N4b3 Qc6 22. Nf3 Nac4 23. Rxd8 Rxd8 24. Rd1 Re8 25. Nbd2 Nd6 26. c4 b5 27. cxb5 axb5 28. Nb3 Ba8 29. Qc2 c4 30. Nbd4 Qc5 31.
Nxe5 Bxe5 32. Bxe5 Rxe5 33. Bf3 Re8 34. Nb3 Qa3 35. Nd4 Qc5 36. Nb3 Qb6 37. Nd4 Bxf3 38. Nxf3 b4 39. Qa4 Rd8 40.
Nd4 Ne4 41. Rb1 b3 42. Rb2 Rxd4 43. Qe8+ Kg7 44. Qe5+ Qf6 45. Qxf6+ Kxf6 46. exd4 bxa2 47. Rxa2 Ke6 48. Ra5 f6 49.
f3 Nc3 50. Rc5 Ne2+ 51. Kf2 Nxd4 52. Rxc4 Ke5 53. g4 f5 54. Rc7 h5 55. gxh5 gxh5 56. Rh7 Kf4 57. Rxh5 Nxf3 58. Rh8 Ne5 59.
Rg8 Nf7 60. h4 Nh6 61. Rg7 Ng4+ 62. Kg2 Nf6 63. Kh3 Nh5 64. Rg6 Ke4 65. Rg5 Nf4+ 66. Kg3 Ne2+ 67. Kf2 Nf4 68. Rg8 Nh5 69.
Ra8 Nf6 70. Ra4+ Ke5 71. Kf3 Nh5 72. Ra6 Ng7 73. Rg6 Nh5 74. Rg5 Nf4 75. h5 Ne6 76. Rg8 Nd4+ 77. Kf2 Nc6 78. h6 1-0

[Event "18èmeFestival International d’Echecsde Rochefort"]
[Site "Rochefort, France"]
[Date "2019.02.16"]
[Round "1.5"]
[White "DELORME, Axel"]
[Black "HARUTYUNYAN, Safar"]
[Result "1-0"]
[TimeControl "1h30 min/40coups + 30 min +  30sec/coup"]
[WhiteTitle "GM"]
[WhiteFideId "632023"]
[BlackFideId "26042428"]
[WhiteElo "2498"]
[BlackElo "2117"]

1. Nf3 Nf6 2. g3 b5 3. Bg2 Bb7 4. d3 e6 5. O-O Be7 6. e4 d6 7. Nd4 Qd7 8. Nb3 a5 9. Bd2 b4 10.
a3 a4 11. Nc1 bxa3 12. Nxa3 Nc6 13. Re1 O-O 14. Na2 e5 15. Nc4 Ba6 16. Nc3 Bxc4 17. dxc4 Nd4 18. Be3 c5 19. Qd3 Qc6 20.
Ra2 Nd7 21. Nd5 Bd8 22. Rd1 Re8 23. h4 Ra6 24. Rda1 Kf8 25. Nc3 Nb6 26. b3 Bc7 27. Nxa4 Rea8 28. Nc3 Rxa2 29. Rxa2 Rxa2 30.
Nxa2 Qa8 31. Nc3 Qa1+ 32. Kh2 Qb2 33. Nb5 Nxb5 34. cxb5 Qa2 35. Bf1 Qa8 36. Bh3 Qa2 37. Qc3 Qa3 38.
Bf1 h6 39. Be2 Kg8 40. Qd3 Qa2 41. Bh5 Qa8 42. Bg4 Qa5 43. h5 Qa8 44. Bf5 Kf8 45. Qd2 Ke7 46. c4 Qa1 47. Kg2 Qa8 48.
Qc1 Qa5 49. Bxh6 gxh6 50. Qxh6 Nd7 51. Qg7 Qa8 52. h6 Nf6 53. h7 Nxh7 54. Qxh7 Qe8 55. Qh4+ Kf8 56. Qh6+ Ke7 57. Qg5+ Kf8 58.
Qd2 Qa8 59. b6 Bb8 60. Qd5 Qxd5 61. cxd5 Ke7 62. Kf1 1-0


[ePGN "0.1;DGT LiveChess/2.2.3"]

[Event "18èmeFestival International d’Echecsde Rochefort"]
[Site "Rochefort, France"]
[Date "2019.02.17"]
[Round "2.1"]
[White "COUPET, Pascal"]
[Black "VAN DEN DOEL, Erik"]
[Result "1/2-1/2"]
[TimeControl "1h30 min/40coups + 30 min +  30sec/coup"]
[BlackTitle "GM"]
[WhiteFideId "600709"]
[BlackFideId "1003720"]
[WhiteElo "2267"]
[BlackElo "2611"]

1. e4 e5 2. Nf3 Nc6 3. Bc4 Bc5 4. c3 Nf6 5. d3 d6 6. Bb3 h6 7. Nbd2 Bb6 8. O-O Ne7 9. Nc4 O-O 10. a4 c6 11. Nxb6 axb6 12. Re1 Ng6 13.
d4 Qc7 14. h3 Bd7 15. Qd3 Rfe8 16. dxe5 dxe5 17. Be3 Rad8 18. Qc2 c5 19. Bc4 Bc6 20. Nd2 Nf4 21. b4 Bd7 22. Qb3 Be6 23.
Bxe6 Rxe6 24. a5 cxb4 25. cxb4 Rd3 26. axb6 Qd8 27. Qb2 Nd7 28. Nf3 Rg6 29. Bxf4 exf4 30. Qe2 Nxb6 31. Ra7 Rd7 32.
Ne5 Rd2 33. Qf3 Re6 34. Rxb7 Rxe5 35. Qxf4 Rd7 36. Rxb6 Qxb6 37. Qxe5 Qxb4 38. Ra1 Rd8 39. g3 Qb7 40. Kg2 Qd7 41.
Rc1 Re8 42. Qd5 Qe7 43. Rc4 Rd8 44. Qc5 Qd7 45. Qc6 Qd3 46. e5 Qf5 47. Qc7 Re8 48. Rf4 Qe6 49. g4 Re7 50. Qd8+ Re8 51.
Qc7 1/2-1/2

[Event "18èmeFestival International d’Echecsde Rochefort"]
[Site "Rochefort, France"]
[Date "2019.02.17"]
[Round "2.5"]
[White "GUIDARELLI, Laurent"]
[Black "SAENZ NARCISO, Miguel Angel"]
[Result "1-0"]
[TimeControl "1h30 min/40coups + 30 min +  30sec/coup"]
[WhiteTitle "GM"]
[WhiteFideId "611123"]
[WhiteElo "2465"]
[BlackElo "2204"]

1. d4 Nf6 2. c4 c5 3. d5 b5 4. cxb5 a6 5. bxa6 g6 6. Nc3 Bxa6 7. g3 d6 8. Bg2 Bg7 9. Nf3 Nbd7 10.
Rb1 Nb6 11. b3 Bc8 12. Nh4 h6 13. Qc2 Qd7 14. Bb2 g5 15. Nf3 Qf5 16. e4 Qg6 17. O-O O-O 18. Qd1 Ng4 19. h3 Ne5 20.
Nxe5 Bxe5 21. Ne2 Rxa2 22. Bxe5 dxe5 23. Nc1 Ra8 24. Nd3 Ba6 25. Nxe5 Qd6 26. Nd3 c4 27. bxc4 Nxc4 28. Re1 Ne5 29.
Nxe5 Qxe5 30. Rb6 Kg7 31. Qh5 e6 32. Rd1 Bc4 33. dxe6 Bxe6 34. Qe2 Ra2 35. Rd2 Rfa8 36. Rbb2 Bc4 37.
Rxa2 Rxa2 38. Qe3 Rxd2 39. Qxd2 f6 40. Qd7+ Bf7 41. Qa7 Kg8 42. Qe3 f5 43. exf5 Qxf5 44. Qd4 Qe6 45. h4 Qc4 46.
Qd8+ Kg7 47. hxg5 Qc1+ 48. Kh2 hxg5 49. Qd4+ Kg8 50. Be4 Qc7 51. Qf6 Qc1 52. Qh6 Bb3 53. Bh7+ Kf7 54. Qg6+ Ke7 55.
Qg7+ Ke8 56. Bg6+ Kd8 57. Qf8+ Kc7 58. Qe7+ Kb6 59. Qb4+ 1-0

[Event "18èmeFestival International d’Echecsde Rochefort"]
[Site "Rochefort, France"]
[Date "2019.02.17"]
[Round "2.3"]
[White "DEMUTH, Adrien"]
[Black "COURSAGET, Nicolas"]
[Result "1-0"]
[TimeControl "1h30 min/40coups + 30 min +  30sec/coup"]
[WhiteTitle "GM"]
[BlackTitle "FM"]
[WhiteFideId "642274"]
[BlackFideId "610127"]
[WhiteElo "2519"]
[BlackElo "2264"]

1. e4 Nf6 2. e5 Nd5 3. d4 d6 4. c4 Nb6 5. exd6 exd6 6. Nc3 Bf5 7. Nf3 Be7 8. Be2 O-O 9. O-O a5 10.
Be3 Na6 11. h3 h6 12. b3 a4 13. bxa4 Nb4 14. Rc1 Qd7 15. a3 Nc6 16. c5 dxc5 17. dxc5 Qxd1 18. Rfxd1 Nxa4 19. Nd5 Bd8 20.
Bb5 Be4 21. Bf4 Nb2 22. Rd2 Rxa3 23. Nxc7 Nd3 24. Bxd3 Bxc7 25. Bxc7 Rxd3 26. Rxd3 Bxd3 27. Rc3 Rc8 28. Bd6 Ba6 29.
Re3 f6 30. Nh4 Nd4 31. Re4 Nb3 32. Nf5 Kf7 33. Re7+ Kg6 34. g4 Rg8 35. Re3 Bc4 36. Ne7+ Kf7 37. Nxg8 Kxg8 38. Re8+ Kh7 39.
Bf8 Nd4 40. Re4 Nf3+ 41. Kg2 Ne5 42. Re3 g5 43. Bd6 Nf7 44. Re8 Kg6 45. Rg8+ Kh7 46. Rf8 Kg6 47. Kg3 h5 48. f4 hxg4 49.
hxg4 gxf4+ 50. Bxf4 Bd5 51. Kh4 Bc6 52. Rg8+ Kh7 53. Rc8 Kg6 54. Bd2 Bd5 55. Bc3 Ng5 56. Rf8 Ne4 57. Bd4 Bc6 58.
Rd8 Ng5 59. Kg3 Ne6 60. Rd6 Kf7 61. Bb2 Ke7 62. Kh4 Be8 63. Rd5 Ng7 64. Rd2 Bc6 65. Re2+ Ne6 66. Rf2 Nxc5 67. Bxf6+ Ke6 68. g5 Ne4 69. Rf4 Kf7 70.
Kh5 Ng3+ 71. Kh6 Be4 72. Bb2+ Ke6 73. g6 1-0

[Event "18èmeFestival International d’Echecsde Rochefort"]
[Site "Rochefort, France"]
[Date "2019.02.17"]
[Round "2.4"]
[White "BOUVET, Florian"]
[Black "DELORME, Axel"]
[Result "0-1"]
[TimeControl "1h30 min/40coups + 30 min +  30sec/coup"]
[BlackTitle "GM"]
[WhiteFideId "676357"]
[BlackFideId "632023"]
[WhiteElo "2194"]
[BlackElo "2498"]

1. e4 e5 2. Nf3 Nc6 3. Nc3 Nf6 4. Bb5 Bd6 5. a3 O-O 6. d3 a6 7. Bc4 Bc5 8. O-O h6 9. h3 Re8 10.
Re1 d6 11. Be3 Bxe3 12. fxe3 Be6 13. Bxe6 Rxe6 14. Qd2 d5 15. exd5 Nxd5 16. Nxd5 Qxd5 17. e4 Qc5+ 18. Qf2 Qe7 19.
Qe3 Rd8 20. Rad1 Nd4 21. c3 Nc2 0-1

[Event "18èmeFestival International d’Echecsde Rochefort"]
[Site "Rochefort, France"]
[Date "2019.02.17"]
[Round "2.2"]
[White "LEMEAUX, David"]
[Black "ZENG, Chongsheng"]
[Result "0-1"]
[TimeControl "1h30 min/40coups + 30 min +  30sec/coup"]
[WhiteTitle "FM"]
[BlackTitle "GM"]
[WhiteFideId "613843"]
[BlackFideId "8603847"]
[WhiteElo "2246"]
[BlackElo "2544"]

1. d4 Nf6 2. Nf3 g6 3. Nc3 d5 4. Bf4 Bg7 5. e3 Bg4 6. Be2 O-O 7. h3 Bxf3 8. Bxf3 c6 9. O-O Nbd7 10.
Ne2 Qb6 11. Rb1 Rfe8 12. c3 a5 13. Nc1 e5 14. dxe5 Nxe5 15. Bxe5 Rxe5 16. Nd3 Re7 17. Qb3 Qa6 18. Rfd1 Rae8 19.
Rbc1 Nd7 20. Bg4 Nb6 21. Be2 Qa7 22. Ne1 Nd7 23. Qc2 Nc5 24. Bf3 h5 25. Nd3 Ne6 26. h4 Bh6 27. g3 Ng7 28.
Nf4 Qc5 29. c4 Bxf4 30. gxf4 d4 31. Rxd4 Nf5 32. Rd3 Nxh4 33. Bh1 Qf5 34. Kf1 Qh3+ 35. Ke2 Qh2 36. Rf1 Qxf4 37. Qc3 Qf5 38.
Kd2 Qh3 39. Ke2 Nf5 40. Bf3 c5 41. Rh1 Nd4+ 42. Qxd4 Qxh1 43. Qxc5 Qc1 44. Qd4 Qc2+ 45. Kf1 Qb1+ 46. Kg2 Re5 47.
Rd1 Rg5+ 48. Kf1 Qxa2 49. Bxb7 Rg4 50. e4 Qb3 51. Bd5 Qf3 52. Qd3 Qg2+ 53. Ke2 Rexe4+ 54. Bxe4 Rxe4+ 55. Kd2 Qxf2+ 56. Kc1 Qf4+ 0-1



[ePGN "0.1;DGT LiveChess/2.2.3"]

[Event "18èmeFestival International d’Echecsde Rochefort"]
[Site "Rochefort, France"]
[Date "2019.02.17"]
[Round "3.5"]
[White "MU, Ke"]
[Black "SAHIL, Tickoo"]
[Result "1-0"]
[TimeControl "1h30 min/40coups + 30 min +  30sec/coup"]
[WhiteFideId "8602778"]
[BlackFideId "5019710"]
[WhiteElo "2404"]
[BlackElo "2271"]

1. c4 e6 2. d4 Nf6 3. Nc3 d5 4. Nf3 Be7 5. Bg5 h6 6. Bxf6 Bxf6 7. e3 O-O 8. Qc2 b6 9. O-O-O Bb7 10.
cxd5 exd5 11. h4 c5 12. dxc5 Bxc3 13. Qxc3 Nd7 14. c6 Bxc6 15. Kb1 Rc8 16. Qd4 Bb7 17. Bd3 Qf6 18. Rc1 a5 19.
h5 Qxd4 20. Nxd4 Nc5 21. Bf5 Rce8 22. b3 Re7 23. Rh4 Ne6 24. Rg4 Nxd4 25. Rxd4 g6 26. Bg4 Rd8 27. Rcd1 Kg7 28. Bf3 Red7 29.
hxg6 fxg6 30. e4 Rd6 31. exd5 h5 32.
Kb2 R8d7 33. Be4 Kf6 34. f4 g5 35. fxg5+ Kxg5 36. Bf3 Rh7 37. Re1 h4 38. Rh1 Bc8 39. Rc4 Bf5 40. Rc6 Rhd7 41.
Rxd6 Rxd6 42. Kc3 Rh6 43. Kd4 Kf6 44. Rc1 Ke7 45. Ke5 Bd7 46. Rc7 Kd8 47. Ra7 h3 48. gxh3 Bxh3 49. d6 Re6+ 50.
Kd5 Re3 51. Be4 Rc3 52. Kd4 Rc1 53. Rb7 a4 54. bxa4 Be6 55. Ke5 Bxa2 56. Bf5 Rc5+ 57. Kf6 1-0

[Event "18èmeFestival International d’Echecsde Rochefort"]
[Site "Rochefort, France"]
[Date "2019.02.17"]
[Round "3.2"]
[White "SAADA, Julien"]
[Black "DEMUTH, Adrien"]
[Result "1/2-1/2"]
[TimeControl "1h30 min/40coups + 30 min +  30sec/coup"]
[WhiteTitle "FM"]
[BlackTitle "GM"]
[WhiteFideId "625388"]
[BlackFideId "642274"]
[WhiteElo "2281"]
[BlackElo "2519"]

1. d4 e6 2. Nf3 Nf6 3. e3 b6 4. Bd3 Bb7 5. O-O c5 6. Re1 Nc6 7. c3 d5 8. Nbd2 Be7 9. b3 O-O 10.
Bb2 Qc7 11. Rc1 e5 12. e4 exd4 13. cxd4 Nb4 1/2-1/2

[Event "18èmeFestival International d’Echecsde Rochefort"]
[Site "Rochefort, France"]
[Date "2019.02.17"]
[Round "3.4"]
[White "GASCON DEL NOGAL, Jose Rafael"]
[Black "VIDAL, Llewellyn"]
[Result "1-0"]
[TimeControl "1h30 min/40coups + 30 min +  30sec/coup"]
[WhiteTitle "GM"]
[BlackTitle "FM"]
[WhiteFideId "3902463"]
[WhiteElo "2457"]
[BlackElo "2280"]

1. d4 d5 2. c4 e6 3. Nf3 Nf6 4. e3 Nbd7 5. Nc3 a6 6. c5 c6 7. b4 g6 8. Be2 Bg7 9. Bb2 Qe7 10.
Qc2 O-O 11. Rd1 Ng4 12. e4 dxe4 13. Nxe4 e5 14. h3 Ngf6 15. Nd6 Nd5 16. a3 exd4 17. O-O Ne5 18. Bxd4 Nf4 19. Rfe1 Nxf3+ 20. Bxf3 Qg5 21. Bxg7 Kxg7 22. Qc3+ Qf6 23. Ne8+ 1-0

[Event "18èmeFestival International d’Echecsde Rochefort"]
[Site "Rochefort, France"]
[Date "2019.02.17"]
[Round "3.3"]
[White "DELORME, Axel"]
[Black "SOLOZHENKINA, Elizaveta"]
[Result "1/2-1/2"]
[TimeControl "1h30 min/40coups + 30 min +  30sec/coup"]
[WhiteTitle "GM"]
[BlackTitle "WIM"]
[WhiteFideId "632023"]
[BlackFideId "34106615"]
[WhiteElo "2498"]
[BlackElo "2287"]

1. Nf3 Nf6 2. g3 g6 3. Bg2 Bg7 4. O-O O-O 5. c4 c6 6. d4 d5 7. Qb3 Qb6 8. Nc3 Rd8 9. Bd2 dxc4 10.
Qxc4 Be6 11. Qa4 Na6 12. Qa3 Bf8 13. e3 Qb4 14. Qxb4 Nxb4 15. Na4 a5 16. Nc5 Bxa2 17. Nxb7 Rdb8 18.
Nc5 Bd5 19. Rfc1 Na2 20. Rc2 e6 21. Ne5 Nb4 22. Bxb4 axb4 23. Rxa8 Rxa8 24. Bxd5 cxd5 25. Ncd3 Bd6 26. Rc6 Bxe5 27.
Nxe5 Ne4 28. Nd3 Ra1+ 29. Kg2 b3 30. Rc1 Ra2 31. Rc8+ Kg7 32. Rb8 Nd2 33. Rb7 Ra1 34. Ne5 Rb1 35. Rxf7+ Kg8 1/2-1/2

[Event "18èmeFestival International d’Echecsde Rochefort"]
[Site "Rochefort, France"]
[Date "2019.02.17"]
[Round "3.1"]
[White "ZENG, Chongsheng"]
[Black "HARUTYUNYAN, Ruben"]
[Result "1-0"]
[TimeControl "1h30 min/40coups + 30 min +  30sec/coup"]
[WhiteTitle "GM"]
[BlackTitle "FM"]
[WhiteFideId "8603847"]
[BlackFideId "26042410"]
[WhiteElo "2544"]
[BlackElo "2299"]

1. e4 c5 2. Nf3 Nc6 3. d4 cxd4 4. Nxd4 Nf6 5. Nc3 d6 6. Bg5 e6 7. Qd2 a6 8. O-O-O Bd7 9. f4 b5 10.
Bxf6 gxf6 11. Kb1 Qb6 12. Nxc6 Bxc6 13. f5 b4 14. Ne2 e5 15. Ng3 Qc5 16. Nh5 Ke7 17. g4 Rg8 18. h3 Rg5 19.
Qe2 Rg8 20. h4 a5 21. Rh3 a4 22. c4 Bh6 23. Qf3 Bf4 24. Be2 a3 25. Nxf4 exf4 26. Qxf4 axb2 27. g5 fxg5 28. hxg5 Ra3 29.
f6+ Ke8 30. Rxd6 Qxg5 31. Re6+ fxe6 32. f7+ Kd7 33. Qxg5 Rxg5 34. f8=Q Rxh3 35. c5 Bxe4+ 36. Kxb2 Rg2 37. Qd6+ Kc8 38.
Qxe6+ Kc7 39. Qxh3 Rxe2+ 40. Kb3 Bd5+ 41. Kxb4 Rb2+ 42. Kc3 Rxa2 43. Qh6 Bc6 44. Qf4+ 1-0



[ePGN "0.1;DGT LiveChess/2.2.3"]

[Event "18èmeFestival International d’Echecsde Rochefort"]
[Site "Rochefort, France"]
[Date "2019.02.18"]
[Round "4.5"]
[White "YU, Ruiyuan"]
[Black "BOBADILLA VIERA, Jorge Samuel"]
[Result "0-1"]
[TimeControl "1h30 min/40coups + 30 min +  30sec/coup"]
[WhiteTitle "GM"]
[BlackTitle "IM"]
[WhiteFideId "8603090"]
[WhiteElo "2491"]
[BlackElo "2318"]

1. e4 c5 2. Nf3 d6 3. Bb5+ Nd7 4. d4 cxd4 5. Qxd4 a6 6. Bxd7+ Bxd7 7. c4 e5 8. Qd3 b5 9. Nc3 bxc4 10.
Qxc4 Be6 11. Qd3 h6 12. O-O Nf6 13. Rd1 Be7 14. Ne1 O-O 15. Nc2 Qb6 16. Ne3 Rfc8 17. b3 Qb7 18. Bb2 a5 19.
Rd2 Ra6 20. Rad1 Bd8 21. Ncd5 Nxd5 22. Nxd5 Bxd5 23. Qxd5 Qxd5 24. Rxd5 Be7 25. Ba3 Rc2 26. R1d2 Rxd2 27. Rxd2 Kf8 28.
Kf1 Ke8 29. Ke2 Kd7 30. Rd5 Bd8 31. Kd3 Bc7 32. Bb2 Ke6 33. Rb5 f5 34. f3 h5 35. Bc3 g5 36. h3 fxe4+ 37. fxe4 Kd7 38.
g4 hxg4 39. hxg4 Kc6 40. a4 Ra8 41. Bd2 Rh8 42. Bxa5 Rh3+ 43. Kc4 Re3 44. Bxc7 Rxe4+ 45. Kc3 Kxc7 46. a5 Rxg4 47. a6 Rg1 48.
Rb7+ Kc6 49. b4 Ra1 50. b5+ Kc5 51. Kd2 g4 52. Ke2 e4 53. a7 g3 54. Ke3 g2 55. Rg7 Rxa7 56. Rxg2 d5 57.
Rc2+ Kd6 58. Rb2 Ra3+ 59. Kf4 Rf3+ 60. Kg4 Rf7 61. b6 Kc6 62. Rb3 Rb7 63. Rc3+ Kd6 64. Rb3 Kc5 65. Rc3+ Kxb6 66.
Kf4 Rc7 67. Ra3 Kc5 68. Ke3 Kd6 0-1

[Event "18èmeFestival International d’Echecsde Rochefort"]
[Site "Rochefort, France"]
[Date "2019.02.18"]
[Round "4.4"]
[White "DESLANDES, Pascal"]
[Black "DELORME, Axel"]
[Result "1/2-1/2"]
[TimeControl "1h30 min/40coups + 30 min +  30sec/coup"]
[WhiteTitle "FM"]
[BlackTitle "GM"]
[WhiteFideId "605239"]
[BlackFideId "632023"]
[WhiteElo "2349"]
[BlackElo "2498"]

1. e4 e5 2. Nf3 Nc6 3. Bb5 a6 4. Ba4 g6 5. d4 exd4 6. Nxd4 Bg7 7. Nxc6 bxc6 8. O-O Ne7 9. Nc3 O-O 10.
Be3 d6 11. Bd4 c5 12. Bxg7 Kxg7 13. Qd2 Rb8 14. Rad1 Bg4 15. Rde1 Be6 16. b3 f6 17. Nd5 Rf7 18. Qa5 Bxd5 19.
exd5 c6 20. Qxd8 Rxd8 21. dxc6 Nd5 22. Re6 Nc3 23. Rfe1 d5 24. Kf1 d4 25. Re7 Rc8 26. R1e6 Rc7 27. Re8 Nxa4 28. bxa4 Rf8 29.
R8e7+ Rf7 30. Re8 Rf8 31. R8e7+ Rf7 32. Re8 Rf8 33.
R6e7+ Rf7 34. Rxc7 Rxc7 35. Rb8 Rxc6 36. a5 c4 37. Rb7+ Kh6 1/2-1/2

[Event "18èmeFestival International d’Echecsde Rochefort"]
[Site "Rochefort, France"]
[Date "2019.02.18"]
[Round "4.1"]
[White "GASCON DEL NOGAL, Jose Rafael"]
[Black "ZENG, Chongsheng"]
[Result "1-0"]
[TimeControl "1h30 min/40coups + 30 min +  30sec/coup"]
[WhiteTitle "GM"]
[BlackTitle "GM"]
[WhiteFideId "3902463"]
[BlackFideId "8603847"]
[WhiteElo "2457"]
[BlackElo "2544"]

1. Nf3 Nf6 2. c4 g6 3. Nc3 Bg7 4. e4 O-O 5. d4 c6 6. e5 Ne8 7. h4 d6 8. e6 Bxe6 9. h5 Bg4 10.
hxg6 hxg6 11. Be3 e5 12. dxe5 Nd7 13. Qd2 Nxe5 14. Be2 Bxf3 15. gxf3 d5 16. cxd5 Nd6 17. Bh6 Qf6 18. Bxg7 Qxg7 19.
dxc6 Ndc4 20. Qf4 Nxb2 21. Kf1 bxc6 22. Ne4 f6 23. Rb1 Rab8 24. Qc1 Qb7 25. Nc5 Qb4 26. Qh6 Kf7 27. Qh7+ Ke8 28.
Na6 Qd6 29. Nxb8 Qxb8 30. f4 Nf7 31. Rh3 Qxf4 32. Re3+ Kd8 33. Rxb2 Rh8 34. Rd2+ Kc8 35. Ba6+ Kb8 36. Rb3+ Ka8 37. Qxh8+ 1-0

[Event "18èmeFestival International d’Echecsde Rochefort"]
[Site "Rochefort, France"]
[Date "2019.02.18"]
[Round "4.2"]
[White "DEMUTH, Adrien"]
[Black "MU, Ke"]
[Result "1/2-1/2"]
[TimeControl "1h30 min/40coups + 30 min +  30sec/coup"]
[WhiteTitle "GM"]
[WhiteFideId "642274"]
[BlackFideId "8602778"]
[WhiteElo "2519"]
[BlackElo "2404"]

1. Nf3 Nf6 2. c4 c6 3. d4 d5 4. cxd5 cxd5 5. Nc3 Nc6 6. Bf4 Bf5 7. e3 e6 8. Qb3 Bb4 9. Ne5 Qb6 10.
Nxc6 bxc6 11. Be2 Ne4 12. f3 Nxc3 13. bxc3 Be7 14. c4 g5 15. Bg3 h5 16. h3 Qb4+ 17. Kf2 a5 18. Rhc1 O-O 19.
c5 Ra7 20. Rc3 h4 21. Bh2 Rb7 22. Bd3 Bxd3 23. Rxd3 a4 24. Qxb4 Rxb4 25. Re1 Ra8 26. Re2 Ra7 27. f4 f5 28.
Kf3 Rab7 29. fxg5 Bxg5 30. Bf4 Bf6 31. g3 Rb2 32. Rxb2 Rxb2 33. Ra3 Rb4 34. g4 Kf7 35. gxf5 exf5 36.
Rd3 Bd8 37. Rd2 Rb1 38. Rc2 Rf1+ 39. Rf2 Rb1 40. Rc2 Bf6 41. Rd2 Bd8 42. Ke4 1/2-1/2

[Event "18èmeFestival International d’Echecsde Rochefort"]
[Site "Rochefort, France"]
[Date "2019.02.18"]
[Round "4.3"]
[White "COLIN, Vincent"]
[Black "VAN DEN DOEL, Erik"]
[Result "0-1"]
[TimeControl "1h30 min/40coups + 30 min +  30sec/coup"]
[WhiteTitle "IM"]
[BlackTitle "GM"]
[WhiteFideId "612324"]
[BlackFideId "1003720"]
[WhiteElo "2382"]
[BlackElo "2611"]

1. e4 c5 2. Nf3 d6 3. d4 cxd4 4. Nxd4 Nf6 5. Nc3 a6 6. Nb3 e6 7. g4 h6 8. Bg2 Nc6 9. O-O e5 10.
h3 Be6 11. Nd5 Rc8 12. f4 exf4 13. Bxf4 Bxd5 14. exd5 Ne5 15. Nd4 g6 16. b3 Bg7 17. Qd2 h5 18. g5 Nfd7 19. Ne6 fxe6 20.
dxe6 Nc5 21. Bd5 Qe7 22. Bxe5 Bxe5 23. Rf7 Bxa1 24. Rxe7+ Kxe7 25. c3 Rcf8 26. Qd4 Rh7 27. b4 Nxe6 28.
Qe4 Kd8 29. Qxe6 Kc7 30. Qxg6 Re7 31. Qd3 Kb8 32. g6 Rc7 33. Bf7 Bxc3 34. Qxd6 Rfc8 35. Be6 Re8 36. a3 Bf6 37. Kg2 Rd8 38.
Qf4 Bg7 39. Bf5 Rd4 40. Be4 Rdc4 41. Qf5 Re7 42. Bd3 Rd4 43. Kf2 h4 44. Be2 Rd6 45. Qf4 Ree6 46. Bd3 Rf6 47. Bf5 Rxf5 48.
Qxf5 Rf6 49. Qxf6 Bxf6 50. Kf3 Kc7 51. Kg4 Kd6 52. Kh5 Ke5 0-1



[ePGN "0.1;DGT LiveChess/2.2.3"]

[Event "18èmeFestival International d’Echecsde Rochefort"]
[Site "Rochefort, France"]
[Date "2019.02.19"]
[Round "5.1"]
[White "VAN DEN DOEL, Erik"]
[Black "GASCON DEL NOGAL, Jose Rafael"]
[Result "1/2-1/2"]
[TimeControl "1h30 min/40coups + 30 min +  30sec/coup"]
[WhiteTitle "GM"]
[BlackTitle "GM"]
[WhiteFideId "1003720"]
[BlackFideId "3902463"]
[WhiteElo "2611"]
[BlackElo "2457"]

1. d4 Nf6 2. Nf3 e6 3. Bf4 c5 4. e3 d5 5. Nbd2 Nc6 6. c3 cxd4 7. exd4 Nh5 8. Bg5 f6 9. Be3 Bd6 10.
g3 O-O 11. Bd3 f5 12. Ne5 Nf6 13. Ndf3 Bd7 14. Bf4 Be8 15. Qe2 Ne4 16. Qe3 Bh5 17. Nxc6 bxc6 18. Bxd6 Qxd6 19. Ne5 Rab8 20.
Rb1 c5 21. O-O cxd4 22. cxd4 Rfc8 23. Rfc1 Rxc1+ 24. Rxc1 Be8 25. Rc2 h6 26. f3 Nf6 27. g4 fxg4 28. fxg4 Rd8 29. h4 Ne4 30.
g5 h5 31. Kg2 Qb4 32. g6 Nf6 33. Nf3 Bd7 34. Ne5 Be8 35. Rf2 Qe7 36. Rc2 Qb4 1/2-1/2